 Dungeon Crawl Stone Soup version 0.29-a0-1047-g7c58e119a4 (webtiles) character file.

Game seed: 5786496627217059112

4790 Newt the Chucker (level 10, -1/71 HPs)
             Began as a Demonspawn Gladiator on Aug 16, 2022.
             Slain by a troll (13 damage)
             ... on level 7 of the Dungeon.
             The game lasted 00:17:55 (9341 turns).

Newt the Chucker (Demonspawn Gladiator)             Turns: 9341, Time: 00:17:55

Health: -1/71      AC: 16    Str: 18    XL:     10   Next: 24%
Magic:  10/10      EV: 15    Int:  9    God:
Gold:   323        SH:  0    Dex: 22    Spells: 9/9 levels left

rFire   + . .      SeeInvis .   n - +2 short sword (venom)
rCold   . . .      Faith    .   (no shield)
rNeg    . . .      Spirit   .   F - +3 ring mail {rF+}
rPois   .          Reflect  .   (helmet restricted)
rElec   .          Harm     .   (no cloak)
rCorr   .          Rampage  .   (no gloves)
Will    .....                   B - +0 pair of boots
Stlth   ++........              (no amulet)
HPRegen 0.21/turn               m - +6 ring of dexterity
MPRegen 0.12/turn               C - +4 ring of protection

@: no status effects
A: antennae 1, thin metallic scales 1, ignite blood 2
a: no special abilities


You were on level 7 of the Dungeon.
You visited 1 branch of the dungeon, and saw 10 of its levels.

You collected 343 gold pieces.
You spent 20 gold pieces at shops.

Inventory:

Hand Weapons
 a - a +1 rapier
 e - a +4 dagger of protection
 n - a +2 short sword of venom (weapon)
 w - a +2 whip of electrocution
 D - a +1 whip of freezing
 H - a +1 whip of flaming
Missiles
 f - 75 stones (quivered)
Armour
 b - a +0 leather armour
 c - a +0 helmet
 o - a +0 scale mail
 u - a +1 ring mail of cold resistance
 B - a +0 pair of boots (worn)
 F - a +3 ring mail of fire resistance (worn)
Jewellery
 m - a +6 ring of dexterity (left hand)
 C - a +4 ring of protection (right hand)
Wands
 G - a wand of roots (5)
 I - a wand of paralysis (11)
Scrolls
 d - a scroll of noise {unknown}
 g - 3 scrolls of enchant weapon
 i - a scroll of vulnerability {unknown}
 l - 4 scrolls of immolation
 q - a scroll of teleportation
 v - a scroll of torment
 x - a scroll of fog {unknown}
 y - 4 scrolls of fear
Potions
 h - 2 potions of curing
 j - 3 potions of resistance
 k - 2 potions of flight
 p - a potion of might
 r - a potion of ambrosia
 s - a potion of brilliance {unknown}
 t - a potion of degeneration {unknown}
 z - a potion of mutation {unknown}
 A - a potion of cancellation {unknown}
 E - a potion of berserk rage {unknown}


   Skills:
 - Level 4.0 Fighting
 - Level 6.0 Short Blades
 - Level 6.0 Maces & Flails
 - Level 6.0 Throwing
 - Level 6.0 Armour
 - Level 6.0 Dodging
 - Level 4.0 Stealth
 + Level 0.8 Evocations


You had 9 spell levels left.
You didn't know any spells.
Your spell library contained the following spells:

 Spells                   Type           Power      Damage    Failure   Level
 Magic Dart               Conj           0%         1d3       56%         1
 Necrotise                Necr           0%         1d4       56%         1
 Call Imp                 Summ           0%         N/A       71%         2
 Mephitic Cloud           Conj/Pois/Air  0%         N/A       90%         3
 Vampiric Draining        Necr           0%         2d6       90%         3
 Agony                    Necr           0%         N/A       100%        5


Dungeon Overview and Level Annotations

Branches:
Dungeon (10/15)              Lair (0/5) D:8
 Temple: D:4-7          Orc: D:9-12

Altars:
Qazlal
Trog
Vehumet
Xom

Shops:
D:7 *   D:9 *

Annotations:
D:4 2 runed translucent doors, qdestroyer's ghost, weakling MiFi
D:5 Prince Ribbit


Innate Abilities, Weirdness & Mutations

You have a pair of small antennae on your head.
You are partially covered in thin metallic scales. (AC +2)
Your demonic aura often causes spilled blood to erupt in flames.


Message History

The troll bites you but does no damage. The troll barely misses you. x2
You barely miss the troll.
The troll is moderately wounded.
The troll bites you but does no damage. The troll barely misses you.
The troll closely misses you.
You hit the troll but do no damage.
The troll looks as sick as possible!
The troll is moderately wounded.
The troll bites you.
* * * LOW HITPOINT WARNING * * *
The troll completely misses you. The troll barely misses you.
You hit the troll but do no damage.
The troll looks as sick as possible!
The troll is moderately wounded.
The troll closely misses you. The troll claws you but does no damage.
The troll closely misses you.
You barely miss the troll.
The troll is moderately wounded.
Unknown command.
You hit the troll.
The troll looks as sick as possible!
The troll is heavily wounded.
The troll bites you.
* * * LOW HITPOINT WARNING * * *
The troll misses you. The troll claws you.
* * * LOW HITPOINT WARNING * * *
Unknown command.
Throw: dart (curare)
Press: ? - help, Shift-Dir - straight line, f - troll
Aim: a troll (heavily wounded, extremely poisoned, 68% to hit)
You throw a curare-tipped dart. The curare-tipped dart hits the troll.
The troll looks as sick as possible!
The troll convulses.
The troll seems to slow down.
The troll is severely wounded.
The troll completely misses you. x2; The troll claws you.
* * * LOW HITPOINT WARNING * * *
You closely miss the troll.
The troll is almost dead.
Unknown command.
You hit the troll.
The troll is almost dead.
The troll bites you!
You die...

#### #..# ####.8#
##.....#### ....8<∩.8.#
.....#.##.#
......8##.#########
.......##.......@○##...
.....###
####....T./...# .....#
#..#.###...# ######
#..#..# .... ######
##.#+#.# ... .....#
#..# .. .. #....# ##.##
#.# $ #....# #..# ..
#..>.# ##.## #..


You could see a troll (extremely poisoned, slow).

Vanquished Creatures
  Pikel (D:9)
  A deep elf pyromancer (D:8)
  Joseph (D:8)
  Maggie (D:8)
  A yak (D:8)
  A wyvern (D:8)
  A steam dragon (D:6)
  An acid dragon (D:9)
  2 water moccasins (D:9)
  4 orc warriors
  2 black bears (D:6)
  3 ogres (D:9)
  2 kobold brigands
  A necrophage (D:6)
  4 bullfrogs
  3 scorpions
  6 howler monkeys
  5 orc priests
  A hound (D:3)
  2 iguanas
  2 orc wizards
  3 gnolls (D:3)
  5 adders
  A white imp (D:8)
  An ufetubus (D:5)
  2 dart slugs (D:2)
  9 orcs
  8 ball pythons
  4 bats
  10 endoplasms
  2 giant cockroaches
  5 goblins
  5 hobgoblins
  17 kobolds
  4 frilled lizards
  2 rats
123 creatures vanquished.

Vanquished Creatures (collateral kills)
  An ugly thing (D:9)
  An orc (D:9)
  A hobgoblin (D:9)
3 creatures vanquished.

Vanquished Creatures (others)
  14 fungi (D:8)
  16 plants (D:8)
30 creatures vanquished.

Grand Total: 156 creatures vanquished

Notes
Turn   | Place    | Note
-------+----------+-------------------------------------------
     0 | D:1      | Newt the Demonspawn Gladiator began the quest for the Orb.
     0 | D:1      | Reached XP level 1. HP: 16/16 MP: 1/1
   229 | D:1      | Reached skill level 1 in Stealth
   300 | D:1      | Gained mutation: Your demonic aura sometimes causes spilled
                  | blood to erupt in flames. [demonic ancestry]
   300 | D:1      | Reached XP level 2. HP: 12/22 MP: 2/2
   483 | D:1      | Found a faded altar of an unknown god.
  1477 | D:2      | Reached XP level 3. HP: 25/27 MP: 3/3
  2217 | D:3      | Gained mutation: Your demonic aura often causes spilled
                  | blood to erupt in flames. [demonic ancestry]
  2217 | D:3      | Reached XP level 4. HP: 13/33 MP: 4/4
  2612 | D:3      | Reached skill level 1 in Maces & Flails
  3026 | D:4      | Noticed a scorpion
  3390 | D:3      | Gained mutation: You are partially covered in thin metallic
                  | scales. (AC +2) [demonic ancestry]
  3390 | D:3      | Reached XP level 5. HP: 14/38 MP: 5/5
  3957 | D:4      | Noticed an ogre
  4109 | D:4      | Noticed qdestroyer's ghost (weakling MiFi)
  4110 | D:4      | Found a runed translucent gate.
  4110 | D:4      | Found a runed translucent gate.
  4116 | D:5      | Entered Level 5 of the Dungeon
  4125 | D:5      | Noticed Prince Ribbit
  4160 | D:5      | Reached XP level 6. HP: 9/44 MP: 6/6
  4502 | D:6      | Found a radiant altar of Vehumet.
  4722 | D:6      | Found a shimmering altar of Xom.
  4770 | D:6      | Noticed a steam dragon
  4793 | D:6      | Found a stormy altar of Qazlal.
  4794 | D:6      | Killed a steam dragon
  4795 | D:6      | Reached XP level 7. HP: 22/54 MP: 7/7
  5159 | D:6      | Reached skill level 1 in Armour
  5219 | D:6      | You fall into a shaft and drop 3 floors!
  5236 | D:9      | Noticed Pikel
  5239 | D:9      | Paralysed by Pikel for 4 turns
  5252 | D:9      | Paralysed by Pikel for 3 turns
  5273 | D:9      | Killed Pikel
  5274 | D:9      | Reached XP level 8. HP: 26/60 MP: 8/8
  5430 | D:9      | Found Duerec's General Store.
  5708 | D:10     | Entered Level 10 of the Dungeon
  6131 | D:9      | Noticed a brown ugly thing
  6166 | D:9      | Killed a brown ugly thing
  6480 | D:9      | Reached XP level 9. HP: 65/65 MP: 9/9
  6500 | D:9      | Reached skill level 5 in Short Blades
  6500 | D:9      | Found a bloodstained altar of Trog.
  7394 | D:8      | Reached skill level 5 in Dodging
  7427 | D:8      | Noticed Joseph
  7469 | D:8      | Killed Joseph
  7470 | D:8      | Reached skill level 5 in Maces & Flails
  7678 | D:8      | Noticed a deep elf pyromancer
  7873 | D:8      | Noticed Maggie
  7901 | D:8      | Killed Maggie
  7902 | D:8      | Gained mutation: You have a pair of small antennae on your
                  | head. [demonic ancestry]
  7902 | D:8      | Reached XP level 10. HP: 34/71 MP: 10/10
  7924 | D:8      | Found a staircase to the Lair.
  8230 | D:8      | Killed a deep elf pyromancer
  8231 | D:8      | Reached skill level 5 in Armour
  8673 | D:7      | Found Istystof's General Store.
  8682 | D:7      | Bought a scroll of identify for 20 gold pieces
  9222 | D:7      | Noticed a four-headed hydra
  9223 | D:7      | Noticed a seven-headed hydra
  9227 | D:7      | Noticed a manticore
  9341 | D:7      | Slain by a troll

Illustrated notes

Levels and vault maps discovered:
D:1:      dpeg_arrival_snail, layout_basic,
          shapermc_ecumenical_altar_flowoftime, bh_walls_and_bars
D:2:      layout_loops_corners
D:3:      layout_rooms
D:4:      layout_rooms, kennysheep_little_box, minmay_temple_entry_offerings,
          ebering_ghost_rock_garden
D:5:      layout_basic, nicolae_hepliaklqana_monster_ancestors,
          mainiacjoe_overflow_alcove_1, kiku_gazebo_pond_becter,
          uniq_prince_ribbit1
D:6:      layout_gridville, grunt_qazlal_sundering,
          mainiacjoe_overflow_catwalk_spiral, nicolae_overflow_hidden_temple
D:7:      minmay_the_grid_four_pointed_star
          [minmay_the_grid_triangle_9x9_flanged_cone,
          minmay_the_grid_triangle_9x9_thin_v,
          minmay_the_grid_triangle_9x9_zippers_horizontal,
          minmay_the_grid_triangle_9x9_steps, minmay_the_grid_prize_big_room],
          layout_basic, nemelex_spade_bored_becter, nzn_wu_jian_council_hall,
          minmay_overflow_temple_star_quad, kennysheep_mini, serial_shops,
          nicolae_shop_statue_plus
D:8:      layout_basic, grunt_lair_entry_orc_guard_hut, serial_aquarium,
          aquarium_bridge_square [aquarium_subvault_window,
          aquarium_subvault_wall, aquarium_subvault_bridge,
          aquarium_subvault_balcony], aquarium_bridge_square
          [aquarium_subvault_bridge, aquarium_subvault_window,
          aquarium_subvault_bridge, aquarium_subvault_bridge],
          aquarium_window_fake, aquarium_window_1, aquarium_window_3,
          aquarium_window_1, aquarium_view_2d, aquarium_balcony_double_1,
          uniq_maggie, uniq_joseph
D:9:      layout_basic, trog_antimagical, mainiacjoe_overflow_cross_hatched,
          enter_bailey_4, serial_shops, shop, uniq_pikel
D:10:     layout_irregular_city, gammafunk_ghost_nasty_kobolds, st_stairs_12,
          kennysheep_another_room, uniq_gastronok

Skill      XL: |  1  2  3  4  5  6  7  8  9 10 |
---------------+-------------------------------+-----
Stealth        | 1 2 4 |  4.0
Short Blades   | 3 4 6 |  6.0
Maces & Flails | 2 3 4 6 |  6.0
Fighting       | 4 |  4.0
Dodging        | 3 4 6 |  6.0
Armour         | 4 6 |  6.0
Throwing       | 3 6 |  6.0
Evocations     | |  0.8

Action                   |  1- 3 |  4- 6 |  7- 9 | 10-12 || total
-------------------------+-------+-------+-------+-------++-------
Melee: Rapier            |    71 |       |       |       ||    71
       Whip              |       |    98 |       |       ||    98
       Short sword       |       |    17 |   224 |    82 ||   323
       Punch             |       |       |     5 |     1 ||     6
Throw: Stone             |     2 |    10 |     1 |     3 ||    16
       Throwing net      |       |     3 |     2 |       ||     5
       Javelin           |       |     2 |       |       ||     2
       Dart              |       |       |       |     1 ||     1
  Use: Scroll            |     2 |     5 |     5 |     4 ||    16
       Potion            |       |     1 |     2 |       ||     3
 Stab: Sleeping          |     9 |     2 |     3 |       ||    14
       Distracted        |       |       |     1 |       ||     1
Armor: Leather armour    |    14 |    28 |    20 |       ||    62
       Ring mail         |       |       |    50 |    39 ||    89
Dodge: Dodged            |    40 |    81 |   123 |    51 ||   295

Table legend: (Time is in decaauts)
 A = Elapsed time spent in this place.
 B = Non-inter-level travel time spent in this place.
 C = Inter-level travel time spent in this place.
 D = Time resting spent in this place.
 E = Time spent auto-exploring this place.
 F = Levels seen in this place.
 G = Mean time per level.
                   A        B        C        D        E       F      G
               +--------+--------+--------+--------+--------+-----+--------+
         Total |   9300 |   9000 |    300 |   3486 |   3845 |  10 |  930.0 |
       Dungeon |   9300 |   9000 |    300 |   3486 |   3845 |  10 |  930.0 |
               +--------+--------+--------+--------+--------+-----+--------+

Top non-repeatable levels by time:
     D:9: 1746 daAuts
     D:8: 1315 daAuts
     D:2: 1309 daAuts
     D:3: 1248 daAuts
     D:1: 1073 daAuts
     D:7: 772 daAuts
     D:6: 712 daAuts
     D:4: 490 daAuts
     D:5: 385 daAuts
    D:10: 244 daAuts
